 Dungeon Crawl Stone Soup version bcrawl-1.21.2-20-g6d45ba5942 (webtiles) character file.

Game seed: 13719002915735554937

88 IcyTea the Conjurer (level 4, -1/30 HPs)
             Began as a Demonspawn Fire Elementalist on Feb 28, 2020.
             Slain by an orc wizard
             ... wielding a +0 dagger
              (5 damage)
             ... on level 3 of the Dungeon.
             The game lasted 00:08:29 (2043 turns).

IcyTea the Conjurer (Demonspawn Fire Elementalist)  Turns: 2043, Time: 00:08:29

Health: -1/30      AC:  5    Str:  8    XL:     4   Next: 29%
Magic:  0/7        EV: 12    Int: 18    God:
Gold:   107        SH:  0    Dex: 15    Spells: 3/7 levels left

rFire    . . .     SeeInvis .   f - +0 short sword
rCold    . . .     Gourm    .   (no shield)
rNeg     . . .     Faith    .   a - +0 robe
rPois    .         Spirit   .   (no helmet)
rElec    .         Reflect  .   (no cloak)
rCorr    .         Harm     .   (no gloves)
MR       .....                  (no boots)
Stlth    ++........             (no amulet)
HPRegen  0.10/turn              h - +3 ring of protection
MPRegen  0.10/turn              (no ring)

@: no status effects
A: hooves 1, thin skeletal structure 1, spiny 1
a: no special abilities


You were on level 3 of the Dungeon.
You were not hungry.

You visited 1 branch of the dungeon, and saw 3 of its levels.

You collected 107 gold pieces.

Inventory:

Hand Weapons
 f - a +0 short sword (weapon)
 p - a +0 hunting sling
Missiles
 c - 826 stones (quivered)
 k - 194 bolts
 n - 100 arrows
Armour
 a - a +0 robe (worn)
Jewellery
 h - a +3 ring of protection (left hand)
 l - a cursed ring of teleportation {unknown}
Scrolls
 j - a scroll of amnesia {unknown}
 m - 2 scrolls of enchant armour {unknown}
 o - a scroll of remove curse {unknown}
 q - a scroll of enchant weapon {unknown}
Potions
 b - a potion of lignification {unknown}
 d - 2 potions of haste {unknown}
 g - a potion of agility {unknown}
 i - a potion of heal wounds {unknown}
Comestibles
 e - 4 rations {!d}


   Skills:
 - Level 1.7 Dodging
 - Level 2.0 Stealth
 - Level 2.0 Spellcasting
 + Level 4.2 Conjurations
 - Level 2.7 Fire Magic


You had 3 spell levels left.
You knew the following spells:

 Your Spells              Type           Power        Failure   Level  Hunger
a - Flame Tongue          Conj/Fire      ##...        4%          1    #......
b - Conjure Flame         Conj/Fire      ##......     13%         3    ###....

Your spell library contained the following spells:

 Spells                   Type           Power        Failure   Level  Hunger
 Flaming Arrows           Chrm/Fire      #.......     16%         2    ###....
 Inner Flame              Hex/Fire       N/A          30%         3    ###....
 Sticky Flame             Conj/Fire      ##......     41%         4    #####..
 Fireball                 Conj/Fire      ##........   77%         5    ######.


Dungeon Overview and Level Annotations

Branches:
Dungeon (3/12)

Altars:

Annotations:
D:3 1 runed translucent door, Banto's ghost, amateur DgWn


Innate Abilities, Weirdness & Mutations

You have large cloven feet.
You have a somewhat thin skeletal structure. (Dex +2, Stealth)
You are partially covered in sharp spines.


Message History

Aim: an orc wizard, wielding a +0 dagger and wearing a +0 robe (heavily wounded)
The flame tongue hits the orc wizard but does no damage.
The orc wizard is heavily wounded.
The orc wizard hits you with a +0 dagger.
* * * LOW HITPOINT WARNING * * *
Casting: Flame Tongue (safe; 4% risk of failure)
Confirm with . or Enter, or press ? or * to list all spells.
Aiming: Flame Tongue (safe; 4% risk of failure)
Press: ? - help, Shift-Dir - straight line, f/p - orc wizard
Aim: an orc wizard, wielding a +0 dagger and wearing a +0 robe (heavily wounded)
The flame tongue misses the orc wizard.
The orc wizard closely misses you.
Casting: Flame Tongue (safe; 4% risk of failure)
Confirm with . or Enter, or press ? or * to list all spells.
Aiming: Flame Tongue (safe; 4% risk of failure)
Press: ? - help, Shift-Dir - straight line, f/p - orc wizard
Aim: an orc wizard, wielding a +0 dagger and wearing a +0 robe (heavily wounded)
The flame tongue hits the orc wizard!
The orc wizard is almost dead.
The orc wizard hits you with a +0 dagger.
You die...

#. #.... ##...####
####.###.####......).
#.......)........####
#.......#######.##
#.......# #.#
#.......## #.#
###........## #+#
#...........#
.#...@.#+#.#
#.#.#o#S###
#.#...#S##
........#≈# #
..#..#..#≈# #..##.#W#
#.. ###≈# ... ##


You could see an orc wizard and 2 adders.

Vanquished Creatures
  2 adders
  3 worms
  A dart slug (D:3)
  2 leopard geckos
  4 orcs (D:3)
  7 bats
  6 giant cockroaches
  5 goblins (D:1)
  6 hobgoblins
  A jackal (D:1)
  A quokka (D:3)
  3 frilled lizards
  5 kobolds
  4 rats
50 creatures vanquished.

Notes
Turn   | Place    | Note
-------+----------+-------------------------------------------
     0 | D:1      | IcyTea the Demonspawn Fire Elementalist began the quest for
                  | the Orb.
     0 | D:1      | Reached XP level 1. HP: 13/13 MP: 3/3
   218 | D:1      | Reached skill level 2 in Conjurations
   218 | D:1      | Gained mutation: You are partially covered in sharp spines.
                  | [demonic ancestry]
   218 | D:1      | Reached XP level 2. HP: 19/19 MP: 5/5
   651 | D:2      | Reached skill level 3 in Conjurations
   651 | D:2      | Gained mutation: You have a somewhat thin skeletal
                  | structure. (Dex +2, Stealth) [demonic ancestry]
   651 | D:2      | Reached XP level 3. HP: 24/24 MP: 3/6
   656 | D:2      | Learned a level 3 spell: Conjure Flame
  1895 | D:3      | Noticed an ogre
  1909 | D:3      | Gained mutation: You have large cloven feet. [demonic
                  | ancestry]
  1909 | D:3      | Reached XP level 4. HP: 22/30 MP: 1/7
  2009 | D:3      | Found a runed translucent door.
  2016 | D:3      | Reached skill level 4 in Conjurations
  2027 | D:3      | Noticed Banto's ghost (amateur DgWn)
  2043 | D:3      | Slain by an orc wizard

Skill      XL: |  1  2  3  4 |
---------------+-------------+-----
Conjurations   | 2 3 4 |  4.2
Dodging        | |  1.7
Stealth        | |  2.0
Spellcasting   | |  2.0
Fire Magic     | |  2.7

Action                   |  1- 3 |  4- 6 || total
-------------------------+-------+-------++-------
Melee: Short sword       |    58 |     9 ||    67
       Kick              |       |     4 ||     4
Throw: Stone             |     1 |       ||     1
 Cast: Flame Tongue      |    38 |    11 ||    49
       Conjure Flame     |     1 |       ||     1
  Use: Scroll            |     1 |       ||     1
 Stab: Sleeping          |     5 |       ||     5
  Eat: Chunk             |     4 |       ||     4
Armor: Robe              |    22 |     2 ||    24
Dodge: Dodged            |    35 |    11 ||    46
